 Dungeon Crawl Stone Soup version 0.23-a0-338-g8ff0b24 (webtiles) character file.

2850 Hilur the Fighter (level 9, -6/78 HPs)
             Began as a Gnoll Wanderer on Oct 18, 2018.
             Was a Believer of Uskayaw.
             Mangled by an orc warrior
             ... wielding a +0 halberd
              (19 damage)
             ... in a bailey.
             The game lasted 00:21:03 (9336 turns).

Hilur the Fighter (Gnoll Wanderer)                  Turns: 9336, Time: 00:21:04

Health: -6/78      AC: 11    Str: 16    XL:     9   Next: 74%
Magic:  15/15      EV: 12    Int: 15    God:    Uskayaw [**....]
Gold:   147        SH: 10    Dex: 16    Spells: 16/16 levels left

rFire    . . .     SeeInvis .   D - +2 hand axe (chop)
rCold    + . .     Gourm    .   d - +0 shield
rNeg     . . .     Faith    .   j - +0 ring mail
rPois    .         Spirit   .   t - +0 helmet
rElec    .         Reflect  .   h - +0 cloak
rCorr    .         Harm     .   u - +1 pair of gloves
MR       +....                  (no boots)
Stlth    ++........             (no amulet)
HPRegen  0.23/turn              r - ring of protection from magic
MPRegen  0.14/turn              s - ring of protection from cold

@: no status effects
A: distributed training, fangs 1, strong nose
a: Stomp, Line Pass, Renounce Religion


You were in a bailey.
You worshipped Uskayaw.
Uskayaw was noncommittal.
You were not hungry.

You visited 1 branch of the dungeon, and saw 7 of its levels.
You also visited: Bailey.

You collected 351 gold pieces.
You spent 204 gold pieces at shops.

Inventory:

Hand Weapons
 a - a +2 shortbow
 D - a +2 hand axe of chopping (weapon)
Missiles
 b - 136 arrows
Armour
 d - a +0 shield (worn)
 h - a +0 cloak (worn)
 j - a +0 ring mail (worn)
 t - a +0 helmet (worn)
 u - a +1 pair of gloves (worn)
Jewellery
 r - a ring of protection from magic (left hand)
 s - a ring of protection from cold (right hand)
 C - an uncursed ring of magical power {unknown}
Wands
 e - a wand of flame (39)
 k - a wand of polymorph (16)
 A - a wand of random effects (30)
Scrolls
 c - 5 scrolls of teleportation
 g - 3 scrolls of remove curse {unknown}
 i - a scroll of magic mapping {unknown}
 l - 3 scrolls of blinking
 m - 6 scrolls of identify
 n - 3 scrolls of immolation {unknown}
 w - a scroll of enchant armour {unknown}
 y - 2 scrolls of enchant weapon {unknown}
 B - a scroll of fear {unknown}
Potions
 o - 2 potions of agility
 p - a potion of might
 q - a potion of cancellation {unknown}
 v - a potion of degeneration {unknown}
 x - 2 potions of curing
 z - 2 potions of lignification
Comestibles
 f - 12 rations
 E - a chunk of flesh


   Skills:
 + Level 9.6 Fighting
 + Level 4.4 Short Blades
 + Level 4.4 Long Blades
 + Level 4.4 Axes
 + Level 4.4 Maces & Flails
 + Level 4.4 Polearms
 + Level 4.4 Staves
 + Level 4.4 Slings
 + Level 5.2 Bows
 + Level 4.4 Crossbows
 + Level 5.2 Throwing
 + Level 6.4 Armour
 + Level 5.2 Dodging
 + Level 4.4 Stealth
 + Level 5.2 Shields
 + Level 4.4 Unarmed Combat
 + Level 4.4 Spellcasting
 + Level 3.6 Conjurations
 + Level 3.6 Hexes
 + Level 3.6 Charms
 + Level 3.6 Summonings
 + Level 3.6 Necromancy
 + Level 3.6 Translocations
 + Level 3.6 Transmutations
 + Level 3.6 Fire Magic
 + Level 3.6 Ice Magic
 + Level 3.6 Air Magic
 + Level 3.6 Earth Magic
 + Level 3.6 Poison Magic
 + Level 4.9 Invocations
 + Level 4.4 Evocations


You had 16 spell levels left.
You didn't know any spells.
Your spell library contained the following spells:

 Spells                   Type           Power        Failure   Level  Hunger
 Animate Skeleton         Necr           N/A          24%         1    None
 Pain                     Necr           ##..         24%         1    None
 Regeneration             Chrm/Necr      ##........   56%         3    ###....
 Vampiric Draining        Necr           ##........   56%         3    ###....
 Animate Dead             Necr           N/A          93%         4    ####...


Dungeon Overview and Level Annotations

Branches:
Dungeon (7/15)             Temple (0/1) D:5

Altars:
Ashenzari
Dithmenos
Kikubaaqudgha
Nemelex Xobeh
Okawaru
Qazlal
Uskayaw
Vehumet
Wu Jian
Xom
The Shining One

Shops:
D:5 [=![   D:6 [   D:7 :


Innate Abilities, Weirdness & Mutations

Your experience applies equally to all skills.
You have very sharp teeth.
Your uncanny sense of smell can sniff out nearby items.


Message History

The orc warrior barely misses you. You block the orc's attack.
You block the orc warrior's attack. The orc warrior completely misses you.
The orc warrior hits you from afar with a +0 halberd!!
You hit the orc warrior but do no damage.
The orc warrior is moderately wounded.
You hit the orc warrior but do no damage.
Your shield and ring mail prevent you from hitting the orc.
You block the orc's attack. x2; The orc warrior barely misses you.
The orc misses you.
The orc warrior hits you with a +0 halberd.
* * * LOW HITPOINT WARNING * * *
The orc warrior barely misses you.
The orc warrior hits you from afar with a +0 halberd!!
* * * LOW HITPOINT WARNING * * *
You feel better.
The orc closely misses you. x2; The orc misses you.
The orc warrior hits you but does no damage.
You block the orc warrior's attack. The orc warrior misses you.
The orc warrior hits you but does no damage.
The orc warrior hits you from afar with a +0 halberd!!
You die...

############ ######
#.∩........## #.....#
.......))...######o......
......))))..#...)#oo.....
∩......))...'...@ooo.....
.......).)..#....#oo.....
............######oo.....
#.∩........## #.....#
############ ######


You could see 4 orc warriors and 4 orcs.

Vanquished Creatures
  Sigmund (D:5)
  A steam dragon (D:7)
  Duvessa (D:5)
  A black bear (D:6)
  An orc warrior (D:5)
  3 sky beasts
  2 centaurs (D:5)
  4 ogres
  2 bullfrogs
  2 scorpions (D:6)
  Dowan (D:5)
  5 wights (D:7)
  3 crimson imps (D:5)
  3 bullfrog skeletons
  4 orc priests
  2 hounds
  8 orc wizards
  Jessica (D:3)
  Terence (D:2)
  An iguana (D:6)
  3 worker ants
  A killer bee zombie (D:6)
  Robin (D:2)
  10 adders
  A howler monkey skeleton (D:5)
  A shadow imp (D:5)
  An adder skeleton (D:5)
  4 worms
  5 leopard geckos
  37 orcs
  3 ball pythons
  6 giant cockroaches
  11 goblins
  8 hobgoblins
  5 jackals
  4 quokkas
  9 bats
  6 frilled lizards
  A giant cockroach zombie (D:5)
  2 kobolds
  A quokka skeleton (D:4)
  8 rats
175 creatures vanquished.

Notes
Turn   | Place    | Note
-------+----------+-------------------------------------------
     0 | D:1      | Hilur the Gnoll Wanderer began the quest for the Orb.
     0 | D:1      | Hilur set off with: a +2 shortbow, 23 arrows, a scroll of
                  | teleportation, a +0 shield, a +0 robe, a ration
     0 | D:1      | Reached XP level 1. HP: 26/26 MP: 1/1
   398 | D:1      | Reached XP level 2. HP: 33/33 MP: 2/2
  1076 | D:2      | Reached XP level 3. HP: 27/38 MP: 3/3
  1275 | D:2      | Reached skill level 1 in Invocations
  1533 | D:2      | Noticed Terence
  1543 | D:2      | Killed Terence
  1543 | D:2      | Reached skill level 1 in Short Blades
  1543 | D:2      | Reached skill level 1 in Long Blades
  1543 | D:2      | Reached skill level 1 in Axes
  1543 | D:2      | Reached skill level 1 in Maces & Flails
  1543 | D:2      | Reached skill level 1 in Polearms
  1543 | D:2      | Reached skill level 1 in Staves
  1543 | D:2      | Reached skill level 1 in Slings
  1543 | D:2      | Reached skill level 1 in Crossbows
  1543 | D:2      | Reached skill level 1 in Stealth
  1543 | D:2      | Reached skill level 1 in Unarmed Combat
  1543 | D:2      | Reached skill level 1 in Spellcasting
  1543 | D:2      | Reached skill level 1 in Evocations
  1543 | D:2      | Reached XP level 4. HP: 35/45 MP: 5/5
  1799 | D:2      | Reached skill level 1 in Conjurations
  1799 | D:2      | Reached skill level 1 in Hexes
  1799 | D:2      | Reached skill level 1 in Charms
  1799 | D:2      | Reached skill level 1 in Summonings
  1799 | D:2      | Reached skill level 1 in Necromancy
  1799 | D:2      | Reached skill level 1 in Translocations
  1799 | D:2      | Reached skill level 1 in Transmutations
  1799 | D:2      | Reached skill level 1 in Fire Magic
  1799 | D:2      | Reached skill level 1 in Ice Magic
  1799 | D:2      | Reached skill level 1 in Air Magic
  1799 | D:2      | Reached skill level 1 in Earth Magic
  1799 | D:2      | Reached skill level 1 in Poison Magic
  2096 | D:2      | Reached XP level 5. HP: 51/51 MP: 6/6
  2097 | D:2      | Noticed Robin
  2106 | D:2      | Killed Robin
  2204 | D:3      | Found a hide-covered altar of Uskayaw.
  2211 | D:3      | Became a worshipper of Uskayaw the Reveler
  2238 | D:3      | Reached * piety under Uskayaw
  2246 | D:3      | Found a shattered altar of Ashenzari.
  2450 | D:3      | Reached ** piety under Uskayaw
  2473 | D:3      | Noticed Jessica
  2483 | D:3      | Killed Jessica
  2911 | D:3      | Reached XP level 6. HP: 24/57 MP: 8/8
  3480 | D:4      | Reached skill level 5 in Armour
  3845 | D:4      | Reached *** piety under Uskayaw
  3848 | D:4      | Reached **** piety under Uskayaw
  4360 | D:4      | Reached XP level 7. HP: 54/63 MP: 10/10
  4694 | D:4      | Found a radiant altar of Vehumet.
  4694 | D:4      | Found an iron altar of Okawaru.
  4695 | D:4      | Found an ornate altar of the Wu Jian Council.
  4695 | D:4      | Found an ancient bone altar of Kikubaaqudgha.
  4796 | D:5      | Entered Level 5 of the Dungeon
  4849 | D:5      | Reached skill level 9 in Fighting
  5243 | D:5      | Found a shadowy altar of Dithmenos.
  5247 | D:5      | Found a shimmering altar of Xom.
  5252 | D:5      | Found a sparkling altar of Nemelex Xobeh.
  5288 | D:5      | Reached XP level 8. HP: 17/71 MP: 12/12
  5573 | D:5      | Found Zezxasum's Jewellery Shoppe.
  5573 | D:5      | Noticed Dowan
  5605 | D:5      | Killed Dowan
  5617 | D:5      | Noticed Duvessa
  5672 | D:5      | Killed Duvessa
  6057 | D:5      | Found Saptoc's Armour Shop.
  6069 | D:5      | Found a staircase to the Ecumenical Temple.
  6088 | D:5      | Noticed Sigmund
  6318 | D:5      | Killed Sigmund
  6937 | D:5      | Found Acupan's Antique Armour Shoppe.
  6966 | D:5      | Found Lequr's Distillery.
  6989 | D:5      | Bought a potion of lignification for 36 gold pieces
  6989 | D:5      | Bought a potion of agility for 48 gold pieces
  6989 | D:5      | Bought a potion of might for 48 gold pieces
  6989 | D:5      | Bought a potion of curing for 36 gold pieces
  6989 | D:5      | Bought a potion of curing for 36 gold pieces
  7332 | D:6      | Reached XP level 9. HP: 76/76 MP: 14/14
  8220 | D:6      | Found Gucuest's Antique Armour Boutique.
  8437 | D:7      | Found a glowing golden altar of the Shining One.
  8438 | D:7      | Found a stormy altar of Qazlal.
  8492 | D:7      | Reached skill level 5 in Bows
  8492 | D:7      | Reached skill level 5 in Throwing
  8492 | D:7      | Reached skill level 5 in Dodging
  8492 | D:7      | Reached skill level 5 in Shields
  8756 | D:7      | Found Axasol's Book Shoppe.
  8904 | D:7      | Found a flagged portal.
  8911 | Bailey   | Entered a bailey
  9334 | Bailey   | HP: 2/78 [orc warrior/+0 halberd (21)]
  9336 | Bailey   | Mangled by an orc warrior

Vault maps used:
D:1:      minmay_arrival_up_and_down
D:2:      first_ration, palyth_stone_intersect, minmay_crystal_water,
          minmay_split_cup_small, uniq_terence, uniq_robin
D:3:      eat_drink_and_be_merry_uskayaw, evilmike_ruin_ashenzari, uniq_jessica
D:4:      chequers_temple_overflow_statue_of_worship
D:5:      minmay_overflow_temple_star_quad, temple_pool_b, serial_shops,
          nicolae_shop_behind_doors, shop, shop, shop, uniq_sigmund,
          uniq_duvessa
D:6:      serial_shops, kennysheep_mini_moat
D:7:      gammafunk_temple_overflow_statue, enter_bailey_2, serial_shops,
          nicolae_shop_crystal
Bailey:   bailey_polearm_5, bailey

Skill      XL: |  1  2  3  4  5  6  7  8  9 |
---------------+----------------------------+-----
Invocations    | 1 2 3 4 |  4.9
Short Blades   | 1 2 3 4 |  4.4
Long Blades    | 1 2 3 4 |  4.4
Axes           | 1 2 3 4 |  4.4
Maces & Flails | 1 2 3 4 |  4.4
Polearms       | 1 2 3 4 |  4.4
Staves         | 1 2 3 4 |  4.4
Slings         | 1 2 3 4 |  4.4
Crossbows      | 1 2 3 4 |  4.4
Stealth        | 1 2 3 4 |  4.4
Unarmed Combat | 1 2 3 4 |  4.4
Spellcasting   | 1 2 3 4 |  4.4
Evocations     | 1 2 3 4 |  4.4
Conjurations   | 1 2 3 |  3.6
Hexes          | 1 2 3 |  3.6
Charms         | 1 2 3 |  3.6
Summonings     | 1 2 3 |  3.6
Necromancy     | 1 2 3 |  3.6
Translocations | 1 2 3 |  3.6
Transmutations | 1 2 3 |  3.6
Fire Magic     | 1 2 3 |  3.6
Ice Magic      | 1 2 3 |  3.6
Air Magic      | 1 2 3 |  3.6
Earth Magic    | 1 2 3 |  3.6
Poison Magic   | 1 2 3 |  3.6
Bows           | 3 4 5 |  5.2
Throwing       | 3 4 5 |  5.2
Dodging        | 3 4 5 |  5.2
Shields        | 3 4 5 |  5.2
Armour         | 5 6 |  6.4
Fighting       | 9 |  9.6

Action                   |  1- 3 |  4- 6 |  7- 9 || total
-------------------------+-------+-------+-------++-------
Melee: War axe           |     9 |       |       ||     9
       Bite              |     1 |    26 |    46 ||    73
       Hand axe          |       |   273 |   381 ||   654
 Fire: Shortbow          |    60 |       |       ||    60
Invok: Stomp             |       |     3 |    10 ||    13
Evoke: Wand              |       |       |     1 ||     1
  Use: Scroll            |       |     3 |       ||     3
       Potion            |       |     1 |     1 ||     2
 Stab: Sleeping          |       |     1 |     4 ||     5
       Paralysed         |       |       |    17 ||    17
  Eat: Chunk             |     2 |     7 |    10 ||    19
       Ration            |       |     1 |     2 ||     3
Armor: Robe              |     4 |       |       ||     4
       Ring mail         |     9 |   128 |   162 ||   299
Dodge: Dodged            |    10 |   134 |   209 ||   353
Block: Shield            |     2 |   160 |   248 ||   410

Table legend:
 A = Non-vault XP
 B = Vault XP
 C = Vault XP percentage of total XP
 D = Non-vault monster count
 E = Vault monster count
 F = Vault count percentage of total count
                 A         B        C        D         E       F
            +---------+---------+-------+---------+---------+-------
      Total |    3455 |     617 |  15.2 |     145 |      30 |  17.1
            +---------+---------+-------+---------+---------+-------
        D:1 |      26 |       0 |   0.0 |      18 |       0 |   0.0
        D:2 |      73 |      93 |  56.0 |      23 |      12 |  34.3
        D:3 |     171 |      37 |  17.8 |      28 |       1 |   3.4
        D:4 |     386 |       0 |   0.0 |      19 |       0 |   0.0
        D:5 |    1018 |     445 |  30.4 |      25 |       3 |  10.7
        D:6 |    1032 |       0 |   0.0 |      15 |       0 |   0.0
        D:7 |     749 |       0 |   0.0 |      17 |       0 |   0.0
     Bailey |       0 |      42 | 100.0 |       0 |      14 | 100.0
            +---------+---------+-------+---------+---------+-------
